 Dungeon Crawl Stone Soup version 0.18-a0-1774-gce1f7b6 (webtiles) character file.

63 M4edhros the Sneak (level 4, -1/28 HPs)
             Began as an Octopode Artificer on Apr 15, 2016.
             Slain by an ooze (4 damage)
             ... on level 2 of the Dungeon.
             The game lasted 00:00:58 (1111 turns).

M4edhros the Sneak (Octopode Artificer)             Turns: 1111, Time: 00:00:59

Health: -1/28      AC:  1    Str:  7 (10) XL:     4   Next: 10%
Magic:  6/6        EV: 12    Int: 13 (14) God:
Gold:   74         SH:  0    Dex: 10 (13) Spells: 0 memorised, 3 levels left

rFire  . . .     SeeInvis .     a - +0 short sword
rCold  . . .     Gourm    .     (no shield)
rNeg   . . .     Faith    .     (helmet restricted)
rPois  .         Spirit   .     (no amulet)
rElec  .         Dismiss  .     (no ring)
rCorr  .         Reflect  .     (no ring)
SustAt .         Harm     .     (no ring)
MR     .....                    (no ring)
Stlth  ++++......               (no ring)
                                (no ring)
                                (no ring)
                                (no ring)

@: lethally poisoned (-1 -> -2), not resistant to hostile enchantments, stealthy
A: almost no armour, amphibious, 8 rings, constrict 8, camouflage 1, gelatinous
body 1
a: no special abilities


You were on level 2 of the Dungeon.
You were hungry.

You visited 1 branch of the dungeon, and saw 2 of its levels.

You collected 74 gold pieces.

Inventory:

Hand Weapons
 a - a +0 short sword (weapon)
Wands
 b - a wand of flame (14/48)
 c - a wand of enslavement (15/24)
 d - a wand of random effects (15/48)
Scrolls
 g - a scroll of immolation {unknown}
 j - a scroll of fog {unknown}
 k - a scroll of remove curse {unknown}
 m - a scroll of teleportation {unknown}
 p - a scroll of identify {unknown}
Potions
 e - 2 potions of agility
 h - a potion of degeneration
 o - a potion of resistance {unknown}
Comestibles
 f - 3 bread rations
 i - a meat ration


   Skills:
 - Level 1.0 Fighting
 - Level 1.0 Short Blades
 - Level 2.0 Dodging
 + Level 5.5 Stealth
 - Level 3.2 Evocations


You had 3 spell levels left.
You didn't know any spells.

Dungeon Overview and Level Annotations

Branches:
Dungeon (2/15)

Altars:


Innate Abilities, Weirdness & Mutations

You cannot wear most types of armour.
You are amphibious.
You can wear up to eight rings at the same time.
You can use your tentacles to constrict eight enemies at once.
Your skin changes colour to match your surroundings (Stealth).
Your rubbery body absorbs attacks (AC +1).


Message History

You constrict the adder.
You kill the adder!
You have reached level 4!
The ooze barely misses you.
You feel sick.
You hit the ooze.
The ooze is lightly wounded.
The ooze hits you.
* * * LOW HITPOINT WARNING * * *
You hit the ooze. You squeeze the ooze.
The ooze is severely wounded.
The ooze hits you.
* * * LOW HITPOINT WARNING * * *
Drink which item? (? for menu, Esc to quit)
It was a potion of cancellation.
Your magical effects are unravelling.
You feel magically purged.
You feel a little less clever now. The ooze hits you.
You die...

#..............##.#.#.##########
#..............##+#.#.#
#...............†.).#.#
$....................#.#
##..................##.#
..............# #+#.#......#####
#.#.....?....# . #..@.......# .
#..J.......# #.†........#
#............ ........†........
.................
...............# ...............
............###


You could see an ooze.

Vanquished Creatures
  2 adders (D:2)
  A worm (D:2)
  3 dart slugs (D:1)
  A giant gecko (D:1)
  5 bats
  3 giant cockroaches
  3 goblins
  6 hobgoblins (D:1)
  4 kobolds (D:2)
  2 ball pythons (D:1)
  4 rats
34 creatures vanquished.

Notes
Turn   | Place    | Note
--------------------------------------------------------------
     0 | D:1      | M4edhros the Octopode Artificer began the quest for the Orb.
     0 | D:1      | Reached XP level 1. HP: 13/13 MP: 3/3
    33 | D:1      | Reached skill level 2 in Stealth
   254 | D:1      | Reached skill level 3 in Stealth
   254 | D:1      | Reached XP level 2. HP: 11/18 MP: 4/4
   527 | D:1      | Reached skill level 4 in Stealth
   557 | D:1      | Reached XP level 3. HP: 16/23 MP: 5/5
   875 | D:2      | Reached skill level 5 in Stealth
  1105 | D:2      | Reached XP level 4. HP: 7/28 MP: 6/6
  1111 | D:2      | Slain by an ooze

Vault maps used:
D:1:      elethiomel_arrival_quiet
D:2:      lemuel_crystal_altar

Skill      XL: |  1  2  3 |
---------------+----------+-----
Stealth        | 3 4 5 |  5.5
Fighting       | |  1.0
Short Blades   | |  1.0
Dodging        | |  2.0
Evocations     | |  3.2

Action                   |  1- 3 |  4- 6 || total
-------------------------+-------+-------++-------
Melee: Short sword       |    66 |     2 ||    68
       Constrict         |    17 |       ||    17
       Tentacles         |     8 |     1 ||     9
Evoke: Wand              |     1 |       ||     1
  Use: Potion            |     3 |     1 ||     4
 Stab: Sleeping          |    13 |       ||    13
Armor: Skin              |     7 |       ||     7
Dodge: Dodged            |    39 |     1 ||    40
